 Dungeon Sprint DCSS version 0.18-a0-1180-g64ccc1e (webtiles) character file.

2100000 namelastname112 the Intangible (level 17, -20/167 HPs)
             Began as a Demonspawn Gladiator on Jan 27, 2016.
             Was an Elder of Makhleb.
             Demolished by a destroyer
             ... wielding a +9 great sword of slicing
              (32 damage)
             ... in the Dungeon (Sprint VIII: "Arena of Blood").
             The game lasted 00:00:34 (21 turns).

namelastname112 the Intangible (Demonspawn Gladiator) Turns: 21, Time: 00:00:34

Health: -20/167    AC: 15    Str: 16    XL:     17   Next: 83%
Magic:  0/17       EV: 31    Int: 11    God:    Makhleb [****..]
Gold:   0          SH:  0    Dex: 16    Spells: 0 memorised, 16 levels left

rFire  . . .     SeeInvis .     k - +∞ Axe of Woe
rCold  . . .     Gourm    .     a - +0 leather armour
rNeg   . . .     Faith    .     (shield currently unavailable)
rPois  .         Spirit   +     b - +0 helmet
rElec  .         Dismiss  .     (no cloak)
rCorr  .         Reflect  .     (no gloves)
SustAt .         Harm     .     (no boots)
MR     +....     NoTele   +     (no amulet)
Stlth  +.........               (no ring)
                                (no ring)

@: somewhat resistant to hostile enchantments, very unstealthy
A: hooves 1, rough black scales 3, powered by death 3, magic shield, magic
regeneration
a: Minor Destruction, Lesser Servant of Makhleb, Major Destruction, Renounce
Religion


You were in the Dungeon.
You worshipped Makhleb.
Makhleb was greatly pleased with you.
You were not hungry.

You visited 1 branch

Inventory:

Hand Weapons
 k - the +∞ Axe of Woe (weapon)
   (You found it in the Dungeon)
Missiles
 c - 3 throwing nets (quivered)
Armour
 a - a +0 leather armour (worn)
 b - a +0 helmet (worn)
Scrolls
 j - a scroll of blinking
Potions
 e - a potion of curing
 f - a potion of heal wounds
 g - a potion of haste
 h - 2 potions of magic
 i - a potion of berserk rage
Comestibles
 d - a bread ration


   Skills:
 + Level 24.4 Fighting
 + Level 14.8 Axes
 + Level 20.1 Throwing
 + Level 7.4 Armour
 O Level 27 Dodging
 O Level 27 Unarmed Combat


You had 16 spell levels left.
You didn't know any spells.

Dungeon Overview and Level Annotations

Branches:
Dungeon (1/1)

Altars:
Makhleb


Innate Abilities, Weirdness & Mutations

You have large cloven feet.
You are completely covered in rough black scales (AC +10, Dex -3).
You regenerate a lot of health from kills.
When hurt, damage is shared between your health and your magic reserves.
You regenerate magic rapidly.


Message History

A destroyer comes into view.
It is wielding a +9 great sword of slicing.
The large bag of meat appears out of thin air!
A large bag of meat comes into view. It is wielding a +9 giant spiked club.
You hear a shout! x6; The destroyer shouts! 2 orcs and an ogre come into view.
The bag of meat shouts!
You slice the bag of meat!!
You cleave the bag of meat in twain.
You kill the bag of meat!
Makhleb accepts your kill.
Your Fighting skill increases to level 24!
Your Axes skill increases to level 14!
Your Throwing skill increases to level 20!
Your Armour skill increases to level 7!
You hear a shout! x6
The meat berserker hits you with a +9 battleaxe!!
You hear a shout! x2
The destroyer hits you with a +9 great sword of slicing!!!!
Ouch! That really hurt!
* * * LOW HITPOINT WARNING * * *
You die...

..... .. #...
.# . #.C. ..#
..###... ..###.
......###......
....._......
#V)...# #@)<._#
#O)...#
....._......
.....C###......
..###oo. ..###.
. #... ..# #oo.
.# O.... ..


You could see a destroyer, 2 large bags of meat, 2 meat berserkers and 4 bags of
meat.

Vanquished Creatures
  A vampire knight (D)
  2 ogres (D)
  8 orcs (D)
11 creatures vanquished.

Notes
Turn   | Place    | Note
--------------------------------------------------------------
     0 | D        | namelastname112 the Demonspawn Gladiator began the quest for the Orb.
     0 | D        | Reached XP level 1. HP: 16/16 MP: 1/1
     4 | D        | Became a worshipper of Makhleb the Destroyer
     8 | D        | Noticed a bag of meat
     8 | D        | Noticed a bag of meat
     9 | D        | Noticed a bag of meat
     9 | D        | Noticed a bag of meat
     9 | D        | Noticed a bag of meat
    11 | D        | Noticed a bag of meat
    11 | D        | Killed a bag of meat
    11 | D        | Reached skill level 10 in Fighting
    11 | D        | Reached skill level 16 in Dodging
    11 | D        | Gained mutation: You have large cloven feet. [demonic ancestry]
    11 | D        | Reached XP level 2. HP: 19/36 MP: 2/2
    11 | D        | Reached XP level 3. HP: 22/42 MP: 3/3
    11 | D        | Gained mutation: You regenerate a little health from kills. [demonic ancestry]
    11 | D        | Reached XP level 4. HP: 25/49 MP: 4/4
    11 | D        | Gained mutation: You regenerate health from kills. [demonic ancestry]
    11 | D        | Reached XP level 5. HP: 27/54 MP: 5/5
    11 | D        | Reached XP level 6. HP: 30/61 MP: 6/6
    11 | D        | Gained mutation: When hurt, damage is shared between your health and your magic reserves. [demonic ancestry]
    11 | D        | Reached XP level 7. HP: 32/67 MP: 7/7
    11 | D        | Reached XP level 8. HP: 35/74 MP: 8/8
    11 | D        | Gained mutation: You are partially covered in rough black scales (AC +4, Dex -1). [demonic ancestry]
    11 | D        | Reached XP level 9. HP: 37/79 MP: 9/9
    11 | D        | Reached XP level 10. HP: 40/86 MP: 10/10
    11 | D        | Gained mutation: You regenerate magic rapidly. [demonic ancestry]
    11 | D        | Reached XP level 11. HP: 42/92 MP: 11/11
    13 | D        | Killed a bag of meat
    13 | D        | Reached * piety under Makhleb
    13 | D        | Reached skill level 10 in Throwing
    13 | D        | Reached skill level 18 in Dodging
    13 | D        | Reached XP level 12. HP: 46/103 MP: 12/12
    14 | D        | Killed a bag of meat
    14 | D        | Reached skill level 20 in Dodging
    14 | D        | Gained mutation: You are mostly covered in rough black scales (AC +7, Dex -2). [demonic ancestry]
    14 | D        | Reached XP level 13. HP: 67/112 MP: 8/13
    14 | D        | Killed a bag of meat
    14 | D        | Reached ** piety under Makhleb
    14 | D        | Reached skill level 21 in Dodging
    14 | D        | Reached XP level 14. HP: 71/121 MP: 8/14
    14 | D        | Killed a bag of meat
    14 | D        | Reached skill level 15 in Fighting
    14 | D        | Reached skill level 22 in Dodging
    15 | D        | Noticed a bag of meat
    15 | D        | Killed a bag of meat
    15 | D        | Reached *** piety under Makhleb
    15 | D        | Reached skill level 5 in Axes
    15 | D        | Reached skill level 23 in Dodging
    15 | D        | Gained mutation: You regenerate a lot of health from kills. [demonic ancestry]
    15 | D        | Reached XP level 15. HP: 63/131 MP: 6/15
    16 | D        | Noticed a meat berserker
    17 | D        | Noticed a meat berserker
    19 | D        | Noticed a destroyer
    19 | D        | Killed a destroyer
    19 | D        | Reached skill level 15 in Throwing
    19 | D        | Reached skill level 25 in Dodging
    19 | D        | Reached XP level 16. HP: 89/143 MP: 7/16
    20 | D        | Noticed a large bag of meat
    20 | D        | Killed a meat berserker
    20 | D        | Reached skill level 27 in Dodging
    20 | D        | Killed a meat berserker
    20 | D        | Reached **** piety under Makhleb
    20 | D        | Reached skill level 5 in Armour
    20 | D        | Reached skill level 27 in Unarmed Combat
    20 | D        | Gained mutation: You are completely covered in rough black scales (AC +10, Dex -3). [demonic ancestry]
    20 | D        | Reached XP level 17. HP: 151/160 MP: 8/17
    20 | D        | Noticed a destroyer
    21 | D        | Noticed a meat berserker
    21 | D        | Noticed a large bag of meat
    21 | D        | Demolished by a destroyer

Vault maps used:
D:        meatsprint

Action                   |  1- 3 |  4- 6 |  7- 9 | 10-12 | 13-15 | 16-18 || total
-------------------------+-------+-------+-------+-------+-------+-------++-------
Melee: Executioner's axe |     1 |       |       |     2 |     2 |     2 ||     7
